 Dungeon Crawl Stone Soup version 0.25.1-2-g60ff931df9 (webtiles) character file.

Game seed: 16298378638326564976

525 Descartes the Skirmisher (level 7, -1/63 HPs)
             Began as a Minotaur Fighter on Aug 13, 2020.
             Slain by a ball python (2 damage)
             ... in a sewer.
             The game lasted 00:05:43 (4050 turns).

Descartes the Skirmisher (Minotaur Fighter)         Turns: 4050, Time: 00:05:45

Health: -1/63      AC:  7    Str: 20    XL:     7   Next: 2%
Magic:  6/6        EV:  5    Int:  5    God:
Gold:   240        SH: 10    Dex: 12    Spells: 6/6 levels left

rFire    . . .     SeeInvis .   a - +0 long sword
rCold    . . .     Gourm    .   c - +0 kite shield
rNeg     . . .     Faith    .   b - +0 scale mail
rPois    .         Spirit   .   (helmet restricted)
rElec    .         Reflect  .   (no cloak)
rCorr    .         Harm     .   (no gloves)
MR       .....                  (no boots)
Stlth    ..........             (no amulet)
HPRegen  0.20/turn              (no ring)
MPRegen  0.10/turn              (no ring)

@: mighty, brilliant, lethally poisoned (-1 -> -11), constricted
A: retaliatory headbutt, horns 2
a: no special abilities


You were in a sewer.
You were not hungry.

You visited 1 branch of the dungeon, and saw 4 of its levels.
You also visited: Sewer.

You collected 240 gold pieces.

Inventory:

Hand Weapons
 a - a +0 long sword (weapon)
 o - a +2 hunting sling of freezing
Missiles
 e - 221 stones (quivered)
 h - 12 poisoned darts
 j - 7 curare-tipped darts
 l - 32 sling bullets
 q - 41 arrows
Armour
 b - a +0 scale mail (worn)
 c - a +0 kite shield (worn)
Wands
 r - a wand of random effects (14)
Scrolls
 i - 2 scrolls of identify
 k - a scroll of remove curse
 m - a scroll of enchant weapon {unknown}
 p - a scroll of magic mapping {unknown}
 s - a scroll of blinking {unknown}
 t - a scroll of fear {unknown}
 u - a scroll of teleportation {unknown}
Potions
 d - 5 potions of might
 g - a potion of degeneration
 v - a potion of brilliance
 w - a potion of curing {unknown}
 x - 2 potions of heal wounds {unknown}
Comestibles
 f - 9 rations
 n - 6 chunks of flesh


   Skills:
 + Level 6.3 Fighting
 - Level 2.4 Long Blades
 + Level 6.2 Armour
 + Level 6.2 Shields


You had 6 spell levels left.
You didn't know any spells.
Your spell library was empty.

Dungeon Overview and Level Annotations

Branches:
Dungeon (4/15)              Sewer (1/1)
 Temple: D:4-7

Altars:
Sif Muna


Innate Abilities, Weirdness & Mutations

You reflexively headbutt those who attack you in melee.
You have a pair of horns on your head.


Message History

* * * LOW HITPOINT WARNING * * *
The ball python constricts you.
You slash the bullfrog!
The bullfrog is severely wounded.
* * * LOW HITPOINT WARNING * * *
You feel sick. The bullfrog barely misses you.
The adder bites you but does no damage. You block the adder's attack.
The frilled lizard bites you but does no damage.
The bullfrog hits you.
* * * LOW HITPOINT WARNING * * *
The ball python bites you but does no damage.
The ball python constricts you.
The adder bites you but does no damage. x2
The frilled lizard bites you but does no damage.
It was a potion of brilliance.
You feel clever all of a sudden.
* * * LOW HITPOINT WARNING * * *
You feel sick. The bullfrog hits you.
* * * LOW HITPOINT WARNING * * *
The ball python bites you.
You die...

#......#
#.....
#.≈..≈.#
##≈..≈
#≈≈≈#≈≈#
#≈≈≈≈≈
#≈≈≈≈≈≈#
#≈≈≈≈≈
#≈≈≈≈≈≈#
#≈≈≈≈≈
#≈≈≈≈≈≈#
#≈≈≈≈≈
#≈≈≈≈≈≈#
#≈≈≈≈≈
#Sl#≈≈≈#
#≈≈≈≈≈
#S@F≈≈≈#
#≈≈≈≈≈
#≈.S≈≈≈#
#≈≈≈..
#≈≈#≈≈≈#
#≈≈...
#≈#≈≈≈≈#
#≈÷..≈
#≈≈≈≈≈≈#
#≈÷÷÷≈
#≈≈≈≈≈≈#
#≈≈≈≈≈
#≈≈≈≈≈≈#
#≈÷≈≈≈
#≈≈≈≈≈≈#
#≈≈≈≈≈
#≈≈≈≈≈≈#####
#≈≈≈≈≈


You could see a bullfrog, 2 adders, a ball python and a frilled lizard.

Vanquished Creatures
  A centaur (D:3)
  A bullfrog (Sewer)
  A crimson imp (D:3)
  An orc wizard (D:3)
  Terence (D:2)
  A worker ant (D:4)
  Robin (D:2)
  7 adders
  5 river rats
  4 oozes
  3 worms (D:2)
  3 dart slugs
  A leopard gecko (D:1)
  14 orcs
  6 bats
  6 giant cockroaches
  14 goblins
  4 hobgoblins (D:2)
  A jackal (D:2)
  A quokka (D:2)
  10 ball pythons (Sewer)
  A ball python zombie (D:3)
  5 frilled lizards
  3 kobolds
  33 rats
128 creatures vanquished.

Notes
Turn   | Place    | Note
-------+----------+-------------------------------------------
     0 | D:1      | Descartes the Minotaur Fighter began the quest for the Orb.
     0 | D:1      | Reached XP level 1. HP: 19/19 MP: 0/0
   269 | D:1      | Reached XP level 2. HP: 19/27 MP: 1/1
  1108 | D:2      | Reached XP level 3. HP: 29/33 MP: 2/2
  1192 | D:2      | Found a shimmering blue altar of Sif Muna.
  1490 | D:2      | Noticed Robin
  1521 | D:2      | Reached XP level 4. HP: 13/41 MP: 3/3
  1527 | D:2      | Killed Robin
  1786 | D:2      | Noticed Terence
  1795 | D:2      | Killed Terence
  2165 | D:3      | Reached skill level 5 in Fighting
  2165 | D:3      | Reached XP level 5. HP: 35/48 MP: 4/4
  2278 | D:3      | Reached skill level 5 in Armour
  2278 | D:3      | Reached skill level 5 in Shields
  2708 | D:3      | Noticed a centaur
  2713 | D:3      | Killed a centaur
  2713 | D:3      | Reached XP level 6. HP: 42/56 MP: 5/5
  3496 | D:4      | Found a glowing drain.
  3500 | Sewer    | Entered a sewer
  4043 | Sewer    | Reached XP level 7. HP: 49/63 MP: 6/6
  4049 | Sewer    | HP: 3/63 [bullfrog (5)]
  4050 | Sewer    | HP: 1/63 [bullfrog (1)]
  4050 | Sewer    | Slain by a ball python

Illustrated notes

Levels and vault maps discovered:
D:1:      minmay_arrival_shattered_statue, layout_basic, minmay_liquid_box
D:2:      layout_basic, marbit_many_paths, uniq_terence, uniq_robin
D:3:      layout_basic
D:4:      layout_basic, gup_sewer_entry_spiral, first_ration
Sewer:    sewer_minmay_w

Skill      XL: |  1  2  3  4  5  6 |
---------------+-------------------+-----
Fighting       | 4 5 6 |  6.3
Armour         | 4 5 6 |  6.2
Shields        | 4 5 6 |  6.2
Long Blades    | |  2.4

Action                   |  1- 3 |  4- 6 |  7- 9 || total
-------------------------+-------+-------+-------++-------
Melee: Long sword        |    75 |   219 |     5 ||   299
       Headbutt          |    13 |    51 |       ||    64
  Use: Scroll            |       |     4 |       ||     4
       Potion            |       |       |     2 ||     2
  Eat: Chunk             |     2 |     9 |       ||    11
Armor: Scale mail        |    29 |   129 |    27 ||   185
Dodge: Dodged            |    20 |    73 |     9 ||   102
Block: Kite shield       |    39 |   156 |    13 ||   208
       Rpst.: Long sword |     5 |    20 |     2 ||    27
